Map: Waterfall

Players

Creature

  • Race: Protoss Protoss
  • Spawn Location: 1:00

PiLiPiLi - Winner!

  • Race: Protoss Protoss
  • Spawn Location: 7:00

Event: DreamHack SC2 Masters 2022 Atlanta (Offline)

VOD

Have the link to the VOD?

Description

Time

  • Played on: Nov. 18, 2022, 10:33 a.m.
  • Length: 10:24

All games in this series

Show
View Real Time Build Order
Export as new Build Order

Creature Protoss 

Build Orders: 1 Gate Expand, Proxy Void Ray 

Get SALT Encoding   

  12  0:00  Probe  
  13  0:12  Probe  
  14  0:18  Pylon  
  14  0:25  Probe (Chrono Boost)  
  15  0:37  Probe (Chrono Boost)  
  15  0:39  Gateway  
  16  0:45  Probe (Chrono Boost)  
  16  0:48  Assimilator  
  17  0:51  Probe  
  18  1:03  Probe  
  19  1:15  Probe  
  20  1:25  Nexus  
  20  1:35  Cybernetics Core  
  20  1:37  Probe  
  21  1:46  Assimilator  
  21  1:49  Probe  
  21  1:53  Pylon  
  22  2:02  Probe (Chrono Boost)  
  23  2:14  Probe (Chrono Boost)  
  24  2:15  Stargate  
  24  2:20  Probe (Chrono Boost)  
  25  2:23  Stalker (Chrono Boost)  
  25  2:29  Probe  
  28  2:34  Shield Battery  
  28  2:37  Warp Gate  
  28  2:38  Probe  
  28  2:43  Probe  
  30  2:48  Stalker  
  32  2:52  Probe  
  33  3:07  Shield Battery  
  37  3:13  Void Ray (Chrono Boost)  
  37  3:18  Probe  
  38  3:22  Forge  
  38  3:32  Pylon  
  38  3:34  Shield Battery  
  38  3:46  Void Ray (Chrono Boost)  
  42  3:58  Probe  
  42  3:59  Probe  
  42  4:06  Photon Cannon  
  42  4:10  Gateway x2  
  42  4:11  Probe  
  42  4:16  Photon Cannon  
  43  4:20  Probe  
  43  4:22  Oracle (Chrono Boost)  
  44  4:28  Sentry  
  49  4:33  Probe, Pylon  
  50  4:39  Probe, Pylon  
  50  4:44  Pylon  
  51  4:50  Photon Cannon  
  51  5:00  Stalker  
  51  5:05  Stalker x2  
  48  5:24  Shield Battery  
  48  5:27  Zealot  
  50  5:31  Void Ray (Chrono Boost)  
  50  5:34  Cybernetics Core  
  54  5:40  Stalker  
  54  5:42  Shield Battery, Photon Cannon  
  52  5:48  Assimilator  
  52  5:49  Zealot  
  52  5:59  Zealot  
  54  6:05  Zealot  
  56  6:15  Robotics Facility  
  56  6:21  Photon Cannon  
  56  6:24  Photon Cannon  
  54  6:27  Zealot, Gateway, Pylon  
  54  6:32  Stalker  
  54  6:44  Probe  
  53  6:51  Stalker  
  55  6:56  Photon Cannon, Stalker  
  55  7:00  Immortal (Chrono Boost)  
  59  7:14  Probe x2  
  59  7:15  Pylon  
  59  7:19  Stalker x2  
  63  7:33  Twilight Council, Immortal (Chrono Boost)  
  67  7:42  Assimilator  
  67  7:46  Sentry  
  67  7:47  Zealot x2  
  73  8:06  Gateway  
  73  8:12  Stalker  
  73  8:13  Zealot x2  
  79  8:20  Probe, Pylon  
  70  8:38  Zealot x3  
  56  8:56  Pylon  
  56  8:59  Stalker x2  
  53  9:07  Zealot  
  31  9:39  Gateway  
  31  9:41  Gateway  
  31  9:45  Dark Shrine  
  27  9:47  Gateway  
  27  9:50  Gateway  
  27  9:51  Photon Cannon  
  27  10:08  Nexus  
Show
View Real Time Build Order
Export as new Build Order

PiLiPiLi Protoss - Winner!

Build Orders:  

Get SALT Encoding   

  12  0:00  Probe  
  13  0:12  Probe  
  14  0:17  Pylon  
  14  0:24  Probe (Chrono Boost)  
  15  0:37  Probe (Chrono Boost), Gateway  
  16  0:44  Probe (Chrono Boost)  
  16  0:46  Assimilator  
  17  0:51  Probe  
  17  0:55  Assimilator  
  18  1:03  Probe (Chrono Boost)  
  19  1:08  Gateway  
  19  1:18  Probe (Chrono Boost)  
  20  1:24  Probe (Chrono Boost)  
  20  1:25  Cybernetics Core  
  21  1:34  Pylon  
  21  1:40  Probe  
  22  1:52  Probe  
  18  2:01  Stalker x2  
  23  2:02  Warp Gate (Chrono Boost)  
  27  2:12  Robotics Facility  
  27  2:31  Stalker x2  
  27  2:37  Pylon  
  31  2:55  Gateway  
  31  3:06  Warp Prism (Chrono Boost)  
  31  3:10  Stalker  
  35  3:30  Pylon  
  35  3:33  Gateway  
  35  3:51  Warp Prism  
  29  4:04  Stalker x2  
  29  4:05  Stalker  
  33  4:33  Sentry, Stalker x3  
  40  5:01  Stalker x3  
  38  5:31  Stalker x2  
  42  5:44  Stalker  
  42  5:45  Stalker  
  42  5:47  Pylon  
  46  6:09  Stalker x4  
  54  6:22  Twilight Council  
  50  6:47  Blink (Chrono Boost), Pylon  
  50  6:59  Stalker x2  
  54  7:18  Pylon  
  54  7:22  Stalker x3  
  60  7:40  Stalker  
  62  7:46  Stalker x2  
  64  8:03  Stalker  
  64  8:04  Stalker  
  68  8:11  Stalker  
  68  8:33  Zealot x2  
  68  8:34  Zealot  
  68  8:40  Sentry  
  62  8:58  Stalker x2  
  50  9:24  Stalker x2  
  52  9:36  Stalker  
  52  10:20  Stalker x3  
Tags
 
Add a new tag
Caveats
  • Supply blocks, unpowered buildings, or Contaminate may cause inaccurate times.
  • Supply counts are checked every 10 seconds.